 Dungeon Crawl Stone Soup version 0.22.1-1-ga44c0e56f4 (webtiles) character file.

79 Kristenmann the Skirmisher (level 4, 0/37 HPs)
             Began as a Human Abyssal Knight on Oct 7, 2018.
             Was a Believer of Lugonu.
             Slain by a gnoll
             ... wielding a +0 whip
              (6 damage)
             ... on level 2 of the Dungeon.
             The game lasted 00:08:45 (1765 turns).

Kristenmann the Skirmisher (Human Abyssal Knight)   Turns: 1765, Time: 00:08:46

Health: 0/37       AC:  5    Str: 13    XL:     4   Next: 62%
Magic:  5/5        EV:  8    Int: 13    God:    Lugonu [**....]
Gold:   73         SH:  6    Dex: 12    Spells: 3/3 levels left

rFire    . . .     SeeInvis +   a - +1 falchion
rCold    . . .     Gourm    .   n - +0 shield
rNeg     . . .     Faith    .   b - +0 leather armour
rPois    .         Spirit   .   (no helmet)
rElec    .         Reflect  .   (no cloak)
rCorr    .         Harm     .   (no gloves)
MR       .....                  (no boots)
Stlth    +.........             (no amulet)
HPRegen  0.12/turn              g - ring of see invisible
MPRegen  0.09/turn              l - +2 ring of protection

@: no status effects
A: no striking features
a: Depart the Abyss, Bend Space, Renounce Religion


You were on level 2 of the Dungeon.
You worshipped Lugonu.
Lugonu was pleased with you.
You were not hungry.

You visited 1 branch of the dungeon, and saw 2 of its levels.
You visited the Abyss 1 time.

You collected 73 gold pieces.

Inventory:

Hand Weapons
 a - a +1 falchion (weapon)
Armour
 b - a +0 leather armour (worn)
 m - a cursed +0 scale mail
 n - a +0 shield (worn)
Jewellery
 g - a ring of see invisible (left hand)
 l - a +2 ring of protection (right hand)
Scrolls
 d - a scroll of remove curse {unknown}
 e - a scroll of identify {unknown}
 f - a scroll of fog {unknown}
Potions
 j - a potion of degeneration {unknown}
 k - a potion of ambrosia {unknown}
Comestibles
 c - a ration
 i - 3 chunks of flesh


   Skills:
 + Level 3.8 Fighting
 + Level 2.8 Long Blades
 + Level 2.6 Armour
 + Level 1.5 Dodging
 + Level 0.4 Stealth
 + Level 2.1 Invocations


You had 3 spell levels left.
You didn't know any spells.
Your spell library was empty.

Dungeon Overview and Level Annotations

Branches:
Dungeon (2/15)

Altars:


Message History

The gnoll barely misses you.
You continue putting on your shield.
The gnoll misses you. The gnoll closely misses you.
You continue putting on your shield.
The gnoll hits you but does no damage. x2
You finish putting on your +0 shield.
It was a potion of curing.
You feel better.
The gnoll hits you from afar with a spear.
* * * LOW HITPOINT WARNING * * *
The gnoll closely misses you.
You closely miss the gnoll. You block the gnoll's attack. x2
You closely miss the gnoll.
The gnoll hits you from afar with a spear.
* * * LOW HITPOINT WARNING * * *
The gnoll hits you but does no damage.
You closely miss the gnoll.
The gnoll hits you from afar with a spear.
* * * LOW HITPOINT WARNING * * *
The gnoll hits you with a whip.
You die...

######
......############
.................
......>.........
........ ..#
####..## #.#
#...w..# #@#
#.###..# #g# #.#
#..# #g#
#g####.######w#
#....#.w..g...#
#....#..#######
#....##..##
#.........#
####.........#


You could see a worm and 2 gnolls.

Vanquished Creatures
  A gnoll (D:2)
  A worm (D:2)
  4 dart slugs (D:1)
  4 leopard geckos
  3 bats (D:1)
  2 giant cockroaches (D:1)
  A goblin (D:2)
  6 hobgoblins
  10 jackals (D:2)
  4 ball pythons (D:1)
  5 frilled lizards
  7 kobolds
  5 rats
53 creatures vanquished.

Notes
Turn   | Place    | Note
-------+----------+-------------------------------------------
     0 | Abyss:1  | Kristenmann the Human Abyssal Knight began the quest for
                  | the Orb.
     0 | Abyss:1  | Reached XP level 1. HP: 18/18 MP: 2/2
     0 | D:1      | Escaped the Abyss
    91 | D:1      | Reached XP level 2. HP: 18/24 MP: 3/3
   258 | D:1      | Reached * piety under Lugonu
   452 | D:1      | Reached XP level 3. HP: 29/29 MP: 4/4
  1213 | D:2      | Reached XP level 4. HP: 29/37 MP: 5/5
  1255 | D:2      | Reached ** piety under Lugonu
  1759 | D:2      | HP: 1/37 [gnoll/spear (7)]
  1765 | D:2      | Slain by a gnoll

Action                   |  1- 3 |  4- 6 || total
-------------------------+-------+-------++-------
Melee: Falchion          |    89 |    71 ||   160
Invok: Depart the Abyss  |     1 |       ||     1
  Use: Potion            |       |     1 ||     1
  Eat: Ration            |     1 |       ||     1
Armor: Leather armour    |    12 |    21 ||    33
Dodge: Dodged            |    61 |    65 ||   126
Block: Shield            |       |     2 ||     2
       Rpst.: Falchion   |    12 |    17 ||    29
